Map: Purity and Industry LE

Players

meeK - Winner!

  • Race: Protoss Protoss
  • League: Diamond
  • Spawn Location: 3:00

Vermillion

  • Race: Terran Terran
  • League: Diamond
  • Spawn Location: 12:00

VOD

Have the link to the VOD?

Description

Time

  • Played on: April 26, 2020, 3:28 p.m.
  • Length: 10:54
Show
View Real Time Build Order
Export as new Build Order

meeK Protoss - Winner!

Build Orders:  

Get SALT Encoding   

  12  0:01  Probe  
  13  0:13  Probe  
  14  0:18  Pylon  
  14  0:25  Probe (Chrono Boost)  
  15  0:37  Probe (Chrono Boost)  
  15  0:39  Forge  
  15  0:42  Probe (Chrono Boost)  
  17  1:05  Pylon  
  17  1:07  Pylon  
  17  1:10  Pylon  
  17  1:27  Gateway, Photon Cannon  
  17  1:31  Pylon  
  16  1:36  Probe  
  16  1:45  Assimilator  
  16  1:49  Probe (Chrono Boost)  
  17  1:58  Probe (Chrono Boost)  
  18  2:03  Probe (Chrono Boost)  
  19  2:14  Cybernetics Core  
  19  2:15  Probe  
  20  2:16  Zealot (Chrono Boost)  
  22  2:27  Probe  
  23  2:33  Assimilator  
  23  2:55  Adept (Chrono Boost)  
  25  3:02  Probe  
  25  3:05  Warp Gate (Chrono Boost)  
  24  3:08  Gateway  
  24  3:19  Probe  
  25  3:20  Protoss Ground Weapons Level 1  
  25  3:22  Adept (Chrono Boost)  
  27  3:40  Pylon  
  25  3:50  Nexus  
  25  4:08  Adept  
  25  4:13  Gateway  
  25  4:15  Robotics Facility  
  25  4:16  Gateway  
  25  4:24  Probe  
  25  4:29  Pylon  
  26  4:47  Adept  
  28  5:07  Gateway  
  28  5:08  Adept x2  
  28  5:12  Adept  
  28  5:13  Warp Prism (Chrono Boost)  
  34  5:28  Photon Cannon  
  34  5:31  Sentry  
  36  5:37  Adept  
  39  5:43  Observer  
  39  6:13  Adept x4  
  35  6:27  Adept x2, Protoss Ground Armor Level 1 (Chrono Boost)  
  35  6:28  Adept  
  37  6:48  Robotics Bay  
  37  6:49  Probe x2  
  37  6:52  Adept  
  37  6:53  Adept x3  
  40  7:01  Probe x2  
  40  7:17  Stalker  
  42  7:28  Stalker  
  45  7:35  Probe (Chrono Boost)  
  45  7:45  Probe (Chrono Boost)  
  47  7:55  Probe (Chrono Boost)  
  47  7:56  Probe (Chrono Boost)  
  48  8:01  Probe (Chrono Boost)  
  48  8:02  Probe (Chrono Boost)  
  47  8:14  Colossus (Chrono Boost)  
  47  8:40  Adept x4  
  53  8:43  Probe  
  53  8:45  Probe  
  46  9:01  Stalker  
  43  9:30  Stalker x2  
  47  9:33  Probe (Chrono Boost)  
  47  9:36  Probe (Chrono Boost)  
  50  9:45  Probe (Chrono Boost)  
  50  9:50  Probe (Chrono Boost)  
  51  9:53  Probe (Chrono Boost)  
  49  10:11  Stalker  
Show
View Real Time Build Order
Export as new Build Order

Vermillion Terran 

Build Orders:  

Get SALT Encoding   

  12  0:01  SCV  
  13  0:13  SCV  
  14  0:17  Supply Depot  
  14  0:25  SCV  
  15  0:29  Refinery  
  15  0:38  SCV  
  16  0:46  Barracks  
  16  0:51  SCV  
  17  1:03  SCV  
  18  1:11  Refinery  
  18  1:15  SCV  
  19  1:36  Marine  
  19  1:37  Orbital Command  
  20  1:48  Supply Depot  
  18  2:03  Bunker  
  16  2:11  Marine  
  15  2:36  Marine  
  14  2:51  SCV  
  15  3:04  SCV  
  15  3:05  Factory  
  16  3:12  Barracks Reactor  
  16  3:16  SCV  
  17  3:36  SCV  
  17  3:48  SCV, Marine x2  
  18  3:50  Factory Tech Lab  
  18  3:53  Starport  
  20  4:09  SCV  
  20  4:13  Widow Mine  
  20  4:16  Marine x2  
  24  4:22  SCV  
  25  4:34  SCV  
  25  4:38  Cyclone  
  29  4:52  Marine x2  
  31  5:01  Command Center  
  31  5:10  Supply Depot  
  31  5:31  SCV, Liberator  
  31  5:32  Supply Depot  
  35  5:38  Marine  
  35  5:39  Marine  
  37  5:43  SCV  
  38  5:54  Siege Tank  
  32  6:21  Medivac  
  28  6:26  Marine x2  
  28  6:31  Barracks  
  28  6:32  Barracks  
  29  6:37  SCV  
  25  6:51  Marine x2  
  27  6:58  SCV  
  28  7:06  Orbital Command  
  28  7:18  SCV  
  29  7:28  Barracks Tech Lab  
  29  7:29  Barracks Tech Lab  
  29  7:30  SCV  
  29  7:33  SCV  
  31  7:42  SCV  
  31  7:43  Marine x2  
  34  7:45  SCV  
  34  7:51  Stimpack  
  35  7:52  Marine x2  
  35  7:54  SCV  
  38  8:00  Marine  
  38  8:03  SCV  
  38  8:04  Marine  
  41  8:06  SCV  
  42  8:14  Marine x2  
  42  8:18  Marine  
  45  8:22  Marine  
  45  8:32  Marine x2  
  36  8:43  Marine x2  
  35  8:50  Marauder, Marine  
  36  9:05  Marine x2  
  36  9:08  SCV, Marauder  
  41  9:12  Marauder  
  43  9:18  SCV  
  44  9:28  SCV  
  44  9:30  Marauder  
  47  9:35  SCV  
  47  9:38  Medivac  
  50  9:43  SCV  
  51  9:49  Marine x2  
  51  9:50  Marauder  
  55  9:58  Marine  
  55  10:07  Marine x2  
  55  10:11  Marauder  
  58  10:17  Marauder  
  58  10:25  Marine x2  
Tags
 
Add a new tag
Caveats
  • Supply blocks, unpowered buildings, or Contaminate may cause inaccurate times.
  • Supply counts are checked every 10 seconds.